 Dungeon Crawl Stone Soup version 0.30.0-30-g96aa6591b8 (webtiles) character file.

Game seed: 18184910593323002848

1269 Peloso the Slasher (level 8, -1/65 (70) HPs)
             Began as a Minotaur Fighter on June 30, 2023.
             Was an Initiate of Okawaru.
             Succumbed to a hornet's poison
             ... on level 6 of the Dungeon.
             The game lasted 00:10:59 (4916 turns).

Peloso the Slasher (Minotaur Fighter)               Turns: 4916, Time: 00:10:59

HP:   -1/65 (70)    AC: 11    Str: 21    XL:     8   Next: 28%
MP:   7/7           EV:  8    Int:  5    God:    Okawaru [......]
Gold: 295           SH:  5    Dex: 12    Spells: 7/7 levels left

rFire   . . .        a - +0 long sword
rCold   + . .        d - +0 buckler
rNeg    . . .        b - +0 chain mail
rPois   .            (helmet restricted)
rElec   .            (no cloak)
rCorr   .            c - +0 pair of gloves
SInv    .            (no boots)
Will    .....        (no amulet) Stlth
                     i - ring of protection from cold
HPRegen 0.30/turn    (no ring)
MPRegen 0.10/turn

%: no passive effects
@: lethally poisoned (-1 -> -5), about to teleport, slowed, drained, very slow
A: horns 2, retaliatory headbutt
a: Renounce Religion


You were on level 6 of the Dungeon.
You worshipped Okawaru.
Okawaru was noncommittal.
You visited 1 branch of the dungeon, and saw 6 of its levels.

You collected 295 gold pieces.

Inventory:

Hand Weapons
 a - a +0 long sword (weapon)
Missiles
 t - 2 throwing nets (quivered)
Armour
 b - a +0 chain mail (worn)
 c - a +0 pair of gloves (worn)
 d - a +0 buckler (worn)
 v - a +0 cloak
Jewellery
 i - a ring of protection from cold (left hand)
 x - a ring of protection from cold
Wands
 j - a wand of polymorph (5)
 r - a wand of roots (4)
Scrolls
 g - 2 scrolls of torment {unknown}
 k - 2 scrolls of acquirement
 p - a scroll of enchant weapon {unknown}
 q - a scroll of vulnerability {unknown}
 s - a scroll of enchant armour {unknown}
 w - 2 scrolls of blinking {unknown}
Potions
 e - a potion of cancellation
 h - a potion of might
 l - a potion of berserk rage
 n - 3 potions of haste
 o - a potion of lignification {unknown}
 u - a potion of mutation {unknown}


   Skills:
 + Level 5.9 Fighting
 + Level 7.9 Long Blades
 + Level 6.5 Armour
 + Level 2.1 Dodging
 + Level 1.1 Stealth
 + Level 5.0 Shields
 + Level 2.1 Evocations


You had 7 spell levels left.
You didn't know any spells.
Your spell library contained the following spells:

 Spells                   Type           Power      Damage    Failure   Level
 Freeze                   Ice            0%         1d3       98%         1
 Frozen Ramparts          Ice            0%         1d1       100%        3
 Hailstorm                Conj/Ice       0%         3d3       100%        3
 Inner Flame              Hex/Fire       0%         N/A       100%        3
 Yara's Violent Unravell  Hex/Tmut       0%         3d3       100%        5
 Enfeeble                 Hex            0%         N/A       100%        7


Dungeon Overview and Level Annotations

Branches:
Dungeon (6/15)             Temple (0/1) D:4

Altars:
Gozag
Okawaru
Uskayaw


Innate Abilities, Weirdness & Mutations

You have a pair of horns on your head.
You reflexively headbutt those who attack you in melee.


Message History

The hornet stings you.
You feel as though you will be slow longer.
The iguana barely misses you.
You hit the hornet but do no damage. Your headbutt misses the hornet.
The hornet is lightly wounded.
You feel very sick. The hornet stings you!
* * * LOW HITPOINT WARNING * * *
You suddenly lose the ability to move!
The iguana bites you but does no damage.
The hornet stings you but does no damage.
You can move again.
You slash the hornet!
The hornet is heavily wounded.
You feel very sick. The hornet stings you.
* * * LOW HITPOINT WARNING * * *
You feel as though you will be slow longer.
The iguana bites you but does no damage.
The hornet closely misses you. The iguana bites you!
* * * LOW HITPOINT WARNING * * *
The hornet barely misses you.
It was a potion of heal wounds.
You feel much better.
You feel sick. The hornet stings you.
You feel as though you will be slow longer.
The iguana barely misses you.
The hornet stings you but does no damage.
Unknown command.
As you read the scroll of teleportation, it crumbles to dust.
You feel strangely unstable.
You feel sick. The hornet closely misses you.
The iguana bites you but does no damage.
The hornet stings you.
* * * LOW HITPOINT WARNING * * *
You feel as though you will be slow longer.
The iguana bites you!
* * * LOW HITPOINT WARNING * * *
The hornet attacks as you move away! The hornet stings you.
* * * LOW HITPOINT WARNING * * *
You feel as though you will be slow longer.
You die...

### ..# #.# #.#
#####@#### #>.....yJ#
#########
#.###l##.#####.##.....
...............#.####
.###.##..........#
#.##l.##....###
#..........##
#..###.###..# ....
..8. #..#


You could see a hornet, an iguana and a jelly.

Vanquished Creatures
  Prince Ribbit (D:6)
  A sky beast (D:6)
  2 ogres
  Blork the orc (D:5)
  A necrophage (D:6)
  2 wights (D:6)
  2 howler monkeys
  A bullfrog zombie (D:6)
  An orc priest (D:3)
  A sleepcap (D:5)
  3 iguanas
  Natasha (thrice) (D:3)
  4 orc wizards (D:4)
  4 gnolls (D:6)
  6 adders
  2 worms (D:2)
  3 dart slugs
  14 orcs
  3 endoplasms
  3 giant cockroaches
  6 goblins
  5 hobgoblins
  2 quokkas
  2 ball pythons
  9 bats
  A frilled lizard (D:1)
  6 kobolds
  2 rats
91 creatures vanquished.

Notes
Turn   | Place    | Note
-------+----------+-------------------------------------------
     0 | D:1      | Peloso the Minotaur Fighter began the quest for the Orb.
     0 | D:1      | Reached XP level 1. HP: 19/19 MP: 0/0
   107 | D:1      | Reached XP level 2. HP: 23/27 MP: 1/1
   664 | D:2      | Reached XP level 3. HP: 24/33 MP: 2/2
   785 | D:2      | Reached skill level 3 in Long Blades
  1190 | D:2      | Identified a scroll of acquirement
  1288 | D:3      | Noticed Natasha
  1300 | D:3      | Killed Natasha
  1301 | D:3      | Reached XP level 4. HP: 14/41 MP: 3/3
  1338 | D:3      | Noticed Natasha
  1415 | D:3      | Killed Natasha
  1491 | D:3      | Noticed Natasha
  1501 | D:3      | Killed Natasha
  1502 | D:3      | Reached skill level 4 in Long Blades
  1502 | D:3      | Reached skill level 1 in Dodging
  1602 | D:3      | Reached XP level 5. HP: 44/47 MP: 4/4
  2213 | D:4      | Reached skill level 5 in Long Blades
  2447 | D:4      | Found a staircase to the Ecumenical Temple.
  2493 | D:4      | You fall into a shaft and drop 2 floors!
  2522 | D:6      | Reached XP level 6. HP: 49/55 MP: 5/5
  2525 | D:6      | Noticed a sky beast
  2537 | D:6      | Killed a sky beast
  2538 | D:6      | Reached skill level 5 in Fighting
  2538 | D:6      | Reached skill level 6 in Long Blades
  2538 | D:6      | Reached skill level 5 in Armour
  2671 | D:5      | Entered Level 5 of the Dungeon
  2967 | D:4      | Reached XP level 7. HP: 61/61 MP: 6/6
  3248 | D:5      | Reached skill level 1 in Stealth
  3262 | D:5      | Noticed Blork the orc
  3270 | D:5      | Reached skill level 7 in Long Blades
  3278 | D:5      | Killed Blork the orc
  3703 | D:5      | Found a hide-covered altar of Uskayaw.
  3703 | D:5      | Found an opulent altar of Gozag.
  3758 | D:5      | Found an iron altar of Okawaru.
  3766 | D:5      | Became a worshipper of Warmaster Okawaru
  4048 | D:6      | Noticed Prince Ribbit
  4058 | D:6      | Killed Prince Ribbit
  4059 | D:6      | Reached skill level 1 in Evocations
  4059 | D:6      | Reached XP level 8. HP: 42/70 MP: 7/7
  4233 | D:6      | HP: 3/65 [wight/+0 great sword (2)]
  4248 | D:6      | HP: 3/65 [wight/+0 great sword (5)]
  4249 | D:6      | HP: 1/65 [centaur zombie (2)]
  4256 | D:6      | HP: 2/65 [centaur zombie (1)]
  4746 | D:6      | Reached skill level 5 in Shields
  4898 | D:6      | Noticed a hornet
  4912 | D:6      | Paralysed by a hornet for 1 turns
  4913 | D:6      | HP: 1/65 [iguana (7)]
  4916 | D:6      | Succumbed to a hornet's poison

Illustrated notes

Levels and vault maps discovered:
D:1:      spicycebolla_arrival_ecumenical, layout_rooms
D:2:      layout_loops_ring
D:3:      layout_basic, uniq_natasha
D:4:      layout_basic, minmay_temple_entry_mist
D:5:      layout_layer_cave, kennysheep_okawaru_gauntlet,
          gammafunk_temple_overflow_elements, uniq_blork_the_orc
D:6:      layout_loops_corners, lemuel_mausoleum_altar_yredelemnul,
          serial_rivers, chequers_serial_rivers_micro_d,
          chequers_serial_rivers_micro_c, chequers_serial_rivers_large_a,
          chequers_serial_rivers_room_a, chequers_serial_rivers_small_b,
          chequers_serial_rivers_micro_b, palyth_stone_intersect,
          minmay_chambers_of_fives, uniq_prince_ribbit1

Skill      XL: |  1  2  3  4  5  6  7  8 |
---------------+-------------------------+-----
Fighting       | 4 5 |  5.9
Armour         | 4 5 6 |  6.5
Long Blades    | 3 4 5 6 7 |  7.9
Shields        | 4 5 |  5.0
Dodging        | 1 2 |  2.1
Stealth        | 1 |  1.1
Evocations     | 1 2 |  2.1

Action                     |  1- 3 |  4- 6 |  7- 9 || total
---------------------------+-------+-------+-------++-------
  Melee: Long sword        |    82 |   129 |    96 ||   307
         Headbutt          |     8 |    26 |    23 ||    57
  Evoke: Wand              |       |     2 |     9 ||    11
    Use: Potion            |     3 |     3 |     3 ||     9
         Scroll            |     3 |     1 |     2 ||     6
 Armour: Scale mail        |    66 |    40 |       ||   106
         Skin              |       |     4 |       ||     4
         Chain mail        |       |     3 |    62 ||    65
  Dodge: Dodged            |    40 |    52 |    56 ||   148
  Block: Buckler           |    15 |    25 |    31 ||    71
